 Dungeon Crawl Stone Soup version 0.23.1 (webtiles) character file.

Game seed: 14960521934500583227

304 Yunesin the Chopper (level 6, -2/56 HPs)
             Began as a Hill Orc Fighter on Mar 15, 2019.
             Killed by nerve-wracking pain
             ... invoked by Grinder
              (8 damage)
             ... on level 4 of the Dungeon.
             The game lasted 00:12:48 (3321 turns).

Yunesin the Chopper (Hill Orc Fighter)              Turns: 3321, Time: 00:12:48

Health: -2/56      AC: 12    Str: 19    XL:     6   Next: 38%
Magic:  6/6        EV:  5    Int: 10    God:
Gold:   131        SH: 10    Dex: 10    Spells: 5/5 levels left

rFire    . . .     SeeInvis .   a - +0 war axe
rCold    . . .     Gourm    .   c - +1 shield
rNeg     . . .     Faith    .   v - +0 chain mail
rPois    .         Spirit   .   (no helmet)
rElec    .         Reflect  .   m - +0 cloak
rCorr    .         Harm     .   t - +0 pair of gloves
MR       .....                  (no boots)
Stlth    ..........             (no amulet)
HPRegen  0.18/turn              r - ring of stealth
MPRegen  0.10/turn              (no ring)

@: no status effects
A: no striking features
a: no special abilities


You were on level 4 of the Dungeon.
You were not hungry.

You visited 1 branch of the dungeon, and saw 4 of its levels.

You collected 131 gold pieces.

Inventory:

Hand Weapons
 a - a +0 war axe (weapon)
Armour
 b - a +0 scale mail
 c - a +1 shield (worn)
 m - a +0 cloak (worn)
 t - a +0 pair of gloves (worn)
 v - a +0 chain mail (worn)
Jewellery
 r - a ring of stealth (left hand)
Wands
 g - a wand of polymorph (1)
 u - a wand of paralysis (4)
Scrolls
 e - a scroll of amnesia
 k - a scroll of random uselessness {unknown}
 l - a scroll of teleportation
 s - a scroll of fog
Potions
 d - 2 potions of might
 i - a potion of haste
 j - a potion of cancellation
 o - a potion of curing
 p - a potion of degeneration {unknown}
Comestibles
 f - 7 rations
 q - 3 chunks of flesh


   Skills:
 + Level 5.0 Fighting
 * Level 5.4 Axes
 + Level 4.4 Armour
 - Level 0.6 Dodging
 - Level 0.3 Stealth
 + Level 4.3 Shields


You had 5 spell levels left.
You didn't know any spells.
Your spell library was empty.

Dungeon Overview and Level Annotations

Branches:
Dungeon (4/15)
 Temple: D:4-7

Altars:
Okawaru

Annotations:
D:4 Grinder


Message History

You close the door.
You see here a hand axe.
Something unseen opens the door.
There is an open door here.
You close the door.
You see here a leopard gecko skeleton.
Grinder gestures at you. You resist with significant effort.
Your magical contamination has completely faded away.
You see here a leopard gecko skeleton.
You see here a leopard gecko skeleton.
Grinder gestures at you. Pain shoots through your body!
* * * LOW HITPOINT WARNING * * *
There is an open door here.
You close the door.
Grinder opens the door.
Grinder gestures at you. Pain shoots through your body!
You die...

+.............#
#.............#
#.............#
#.......÷....÷#
#..##..5##.##.#
##..####'#####.##########
#..................#....#
#..................#....#
#.......@..........'....#
#.####....####..##.####.#
########....####..##.####.#
#.......................#..
#.......................#..
#.......................#..
#.......................#..
#...).........(...>.....#..
#...#############+####.####


You could see Grinder.

Vanquished Creatures
  A scorpion (D:4)
  Jessica (D:3)
  Ijyb (D:3)
  An orc wizard (D:3)
  A worker ant (D:2)
  4 adders
  A shadow imp (D:3)
  3 oozes
  An adder skeleton (D:4)
  5 dart slugs
  3 leopard geckos
  5 orcs
  8 bats
  8 giant cockroaches
  7 goblins
  8 hobgoblins
  2 jackals (D:4)
  2 ball pythons (D:2)
  7 frilled lizards
  6 kobolds
  8 rats
83 creatures vanquished.

Notes
Turn   | Place    | Note
-------+----------+-------------------------------------------
     0 | D:1      | Yunesin the Hill Orc Fighter began the quest for the Orb.
     0 | D:1      | Reached XP level 1. HP: 19/19 MP: 1/1
   106 | D:1      | Reached XP level 2. HP: 21/27 MP: 2/2
   288 | D:1      | Reached XP level 3. HP: 31/33 MP: 3/3
   792 | D:2      | Reached XP level 4. HP: 15/40 MP: 4/4
  1197 | D:2      | Found an iron altar of Okawaru.
  1747 | D:3      | Reached XP level 5. HP: 30/47 MP: 5/5
  1877 | D:3      | Noticed Jessica
  2185 | D:3      | Noticed Ijyb
  2192 | D:3      | Paralysed by Ijyb for 7 turns
  2200 | D:3      | Killed Ijyb
  2326 | D:3      | Killed Jessica
  2773 | D:3      | Reached skill level 5 in Axes
  2773 | D:3      | Reached XP level 6. HP: 34/55 MP: 6/6
  3248 | D:4      | Reached skill level 5 in Fighting
  3257 | D:4      | Noticed Grinder
  3257 | D:4      | Paralysed by Grinder for 3 turns
  3321 | D:4      | Killed from afar by Grinder

Skill      XL: |  1  2  3  4  5  6 |
---------------+-------------------+-----
Axes           | 3 4 5 |  5.4
Fighting       | 4 5 |  5.0
Armour         | 4 |  4.4
Shields        | 4 |  4.3
Dodging        | |  0.6
Stealth        | |  0.3

Action                   |  1- 3 |  4- 6 || total
-------------------------+-------+-------++-------
Melee: War axe           |   106 |   190 ||   296
       Unarmed           |       |     5 ||     5
  Use: Scroll            |       |     8 ||     8
       Potion            |       |     3 ||     3
  Eat: Chunk             |       |     8 ||     8
Armor: Scale mail        |    51 |   104 ||   155
       Skin              |       |     2 ||     2
       Chain mail        |       |     3 ||     3
Dodge: Dodged            |    34 |    55 ||    89
Block: Shield            |    59 |   112 ||   171
